 Dungeon Crawl Stone Soup version 0.28.0-53-g5a82cb258f (webtiles) character file.

Game seed: 4446145856888096514

3 ILmort the Digger (level 1, 0/10 HPs)
             Began as a Gargoyle Earth Elementalist on Aug 14, 2022.
             Slain by a jackal (3 damage)
             ... on level 1 of the Dungeon.
             The game lasted 00:01:58 (33 turns).

ILmort the Digger (Gargoyle Earth Elementalist)       Turns: 33, Time: 00:01:58

Health: 0/10       AC:  4    Str: 11    XL:     1   Next: 50%
Magic:  1/3        EV: 12    Int: 15    God:
Gold:   0          SH:  0    Dex: 10    Spells: 3/4 levels left

rFire   . . .      SeeInvis .   (no weapon)
rCold   . . .      Faith    .   (no shield)
rNeg    + . .      Spirit   .   b - +0 robe
rPois   ∞          Reflect  .   (no helmet)
rElec   +          Harm     .   (no cloak)
rCorr   .          Rampage  .   (no gloves)
Will    .....                   (no boots)
Stlth   ++........              (no amulet)
HPRegen 0.03/turn               (no ring)
MPRegen 0.08/turn               (no ring)

@: no status effects
A: sickness immunity, AC +2, negative energy resistance 1, electricity
resistance, torment resistance 1, petrification resistance
a: no special abilities


You were on level 1 of the Dungeon.
You visited 1 branch of the dungeon, and saw 1 of its levels.

Inventory:

Missiles
 c - 27 stones
Armour
 b - a +0 robe (worn)


   Skills:
 + Level 1.6 Dodging
 + Level 2.2 Stealth
 + Level 2.0 Spellcasting
 + Level 0.8 Transmutations
 + Level 3.7 Earth Magic


You had 3 spell levels left.
You knew the following spells:

 Your Spells              Type           Power      Damage    Failure   Level
a - Sandblast             Erth           24%        2d8       4%          1

Your spell library contained the following spells:

 Spells                   Type           Power      Damage    Failure   Level
 Passwall                 Tmut/Erth      6%         N/A       13%         2
 Stone Arrow              Conj/Erth      14%        3d7       30%         3
 Petrify                  Tmut/Erth      8%         N/A       65%         4


Dungeon Overview and Level Annotations

Branches:
Dungeon (1/15)

Altars:


Innate Abilities, Weirdness & Mutations

You are immune to sickness and miasma.
Your stone body is resilient. (AC +2)
You are immune to poison.
You resist negative energy. (rN+)
You are resistant to electric shocks. (rElec)
You are resistant to unholy torment.
You are immune to petrification.


Message History

Unknown command.
You hit the rat but do no damage. The rat bites you.
You barely miss the rat. You hit the rat but do no damage.
The rat closely misses you. x2
You closely miss the rat. The rat bites you but does no damage.
You hit the rat.
The jackal bites you but does no damage.
The rat bites you.
The jackal stops to sniff the ground.
The rat barely misses you.
You barely miss the rat. The jackal misses you.
The rat bites you but does no damage. The rat misses you.
You barely miss the rat. The jackal barely misses you. The rat bites you.
The jackal bites you but does no damage.
The rat twitches its whiskers.
The rat barely misses you.
You hit the rat.
You kill the rat!
The jackal misses you. The rat bites you.
You barely miss the rat. The jackal barely misses you.
The rat closely misses you.
You barely miss the rat. The jackal closely misses you. The jackal bites you.
The rat barely misses you.
You hit the rat.
You kill the rat!
The jackal bites you but does no damage.
You completely miss the jackal. The jackal barely misses you.
The jackal closely misses you.
You hit the jackal. The jackal completely misses you.
You hit the jackal but do no damage. The jackal bites you.
* * * LOW HITPOINT WARNING * * *
You barely miss the jackal. The jackal barely misses you.
The jackal closely misses you.
You closely miss the jackal. The jackal barely misses you.
You barely miss the jackal. The jackal bites you.
* * * LOW HITPOINT WARNING * * *
The jackal bites you but does no damage.
The endoplasm jiggles.
The jackal bites you.
You die...

###+#######+###
#..⌠...>..(⌠..#
#......<......#
+⌠....###....⌠+
#.....†.@.....#
#######h#######
#....rrrJJJ...#
#.....hJrB....#
#.(.).........#
###############


You could see 4 endoplasms, 2 jackals, a giant cockroach and 4 rats.

Vanquished Creatures
  A giant cockroach (D:1)
  3 rats (D:1)
4 creatures vanquished.

Notes
Turn   | Place    | Note
-------+----------+-------------------------------------------
     0 | D:1      | ILmort the Gargoyle Earth Elementalist began the quest for
                  | the Orb.
     0 | D:1      | Reached XP level 1. HP: 10/10 MP: 3/3
     1 | D:1      | Found a runed translucent door.
    33 | D:1      | Slain by a jackal

Illustrated notes

Levels and vault maps discovered:
D:1:      dpeg_arrival_caged_fury, layout_basic, ebering_ecumenical_altar_box,
          minmay_heptomino_w4

Action                   || total
-------------------------++-------
Melee: Unarmed           ||    17
 Cast: Sandblast         ||     3
Armor: Robe              ||     6
Dodge: Dodged            ||    20
